 Dungeon Crawl Stone Soup version 0.29-a0-973-gac7da5f7f0 (webtiles) character file.

Game seed: 13157115154122623312

320 zeratav the Stinger (level 6, -7/36 HPs)
             Began as an Octopode Venom Mage on July 31, 2022.
             Mangled by a gnoll bouda
             ... wielding a +0 whip
              (10 damage)
             ... on level 4 of the Dungeon.
             The game lasted 00:05:32 (4624 turns).

zeratav the Stinger (Octopode Venom Mage)           Turns: 4624, Time: 00:05:33

Health: -7/36      AC:  1    Str:  8    XL:     6   Next: 46%
Magic:  1/9        EV: 13    Int: 19    God:
Gold:   171        SH:  5    Dex: 12    Spells: 6/9 levels left

rFire   . . .      SeeInvis .   i - +5 short sword (venom) {short}
rCold   . . .      Faith    .   (no shield)
rNeg    . . .      Spirit   .   (helmet restricted)
rPois   .          Reflect  +   d - amulet of reflection
rElec   .          Harm     .   (no ring)
rCorr   .          Rampage  .   (no ring)
Will    .....                   (no ring)
Stlth   ++++......              (no ring)
HPRegen 0.12/turn               (no ring)
MPRegen 0.11/turn               (no ring)
                                (no ring)
                                (no ring)

@: no status effects
A: almost no armour, amphibious, 8 rings, camouflage 1, gelatinous body 1,
(nimble swimmer 1), tentacles
a: no special abilities


You were on level 4 of the Dungeon.
You visited 1 branch of the dungeon, and saw 4 of its levels.

You collected 213 gold pieces.
You spent 42 gold pieces at shops.


Innate Abilities, Weirdness & Mutations

You cannot wear most types of armour.
You are amphibious.
You can wear up to eight rings at the same time.
Your skin changes colour to match your surroundings (Stealth+).
Your rubbery body absorbs attacks. (AC +1, EV +1)
((You are camouflaged when in or above water. (Stealth+)))
You have tentacles for arms and can constrict up to eight enemies at once.


   Skills:
 - Level 2.0 Dodging
 - Level 5.0 Stealth
 - Level 2.0 Spellcasting
 - Level 1.0 Transmutations
 + Level 7.7 Poison Magic


You had 6 spell levels left.
You knew the following spells:

 Your Spells              Type           Power      Damage    Failure   Level
a - Sting                 Tmut/Pois      72%        1d6       2%          1
b - Poisonous Vapours     Pois/Air       32%        N/A       5%          2

Your spell library contained the following spells:

 Spells                   Type           Power      Damage    Failure   Level
 Olgreb's Toxic Radiance  Pois           31%        N/A       7%          4
 Mephitic Cloud           Conj/Pois/Air  11%        N/A       19%         3
 Ensorcelled Hibernation  Hex/Ice        2%         N/A       26%         2
 Static Discharge         Conj/Air       1%         3-4/arc   26%         2
 Lightning Bolt           Conj/Air       0%         1d11      99%         5
 Maxwell's Capacitive Co  Air            0%         ∞         100%        8

Inventory:

Hand Weapons
 i - a +5 short sword of venom (weapon) {short}
   (You took it off a kobold on level 1 of the Dungeon)
Jewellery
 d - an amulet of reflection (around mantle)
   (You found it on level 2 of the Dungeon)
Wands
 b - a wand of flame (18)
   (You found it on level 4 of the Dungeon)
Scrolls
 c - 2 scrolls of enchant weapon
 g - 3 scrolls of immolation {!r!r}
 j - a scroll of amnesia {unknown}
 n - a scroll of teleportation {@r4}
 o - a scroll of noise {!r}
 q - a scroll of silence {!r}
 r - a scroll of summoning
Potions
 a - a potion of magic
 e - 2 potions of brilliance {unknown}
 f - a potion of attraction {unknown}
 h - 5 potions of curing {@q1}
 k - a potion of invisibility {unknown}
 l - 2 potions of degeneration {unknown}
 m - 2 potions of haste {unknown}
 p - a potion of lignification {unknown}
 s - a potion of heal wounds {unknown}
 t - a potion of resistance

Dungeon Overview and Level Annotations

Branches:
Dungeon (4/15) Zot: 19360
 Temple: D:4-7

Altars:

Shops:
D:4

! ##)....######.....##....#
##..).####..####.........#
##...####......####.....#.###
#.)####..........####........
##.........###..............##
#..#.###.####...###..##.....#
#.......##.......#.....##..>..#
#..>.........###...###........#
#.......########@#######.)....###
#.......# #..g.#^..."..†.......
#.......# #....#.#####........#
#.........###.####.#.# ##.......#
## #..<.)# #.#.# #.###....
#...#..# #.#.# #.# .## #..#
#.#####.#.####.. #
......g............##.
#####..)#####.#..#.....


You could see a gnoll bouda (extremely poisoned).


Message History

A gnoll comes into view. It is wielding a +0 whip.
A gnoll comes into view. It is wielding a +0 whip.
Casting: Sting (safe; 3% risk of failure)
Confirm with . or Enter, or press ? or * to list all spells.
Aiming: Poisonous Vapours (safe; 5% risk of failure)
Press: ? - help, Dir - move target, f - gnoll
Aim: a gnoll, wielding a +0 whip (asleep) Poisonous vapours surround the gnoll!
The gnoll is poisoned.
The gnoll shouts!
You hear a shout!
A gnoll bouda comes into view. It is wielding a +0 whip.
MP[-2]
You lost 2 mp, and now have 7/9 mp.
Casting: Poisonous Vapours (safe; 5% risk of failure)
Confirm with . or Enter, or press ? or * to list all spells.
Aiming: Poisonous Vapours (safe; 5% risk of failure)
Press: ? - help, Dir - move target, f/p - gnoll
Aim: a gnoll, wielding a +0 whip (poisoned) Poisonous vapours surround the gnoll!
The gnoll looks even sicker.
The gnoll shouts!
The gnoll bouda barks out a call to the hunt!
The gnolls pick up the pace!
MP[-2]
You lost 2 mp, and now have 5/9 mp.
Casting: Poisonous Vapours (safe; 5% risk of failure)
Confirm with . or Enter, or press ? or * to list all spells.
Aiming: Poisonous Vapours (safe; 5% risk of failure)
Press: ? - help, Dir - move target, f/p - gnoll
Aim: a gnoll, wielding a +0 whip (covering ground quickly, very poisoned)
You miscast Poisonous Vapours.
You are very lightly contaminated with residual magic.
Nothing appears to happen.
MP[-2]
You lost 2 mp, and now have 3/9 mp.
Things that are here:
a +0 flail {mace}; a gnoll corpse MP[+1]
You hit the gnoll.
The gnoll looks even sicker.
Your grab misses the gnoll.
You squeeze the gnoll, but do no damage.
You kill the gnoll!
Your magical contamination has completely faded away.
You hit the gnoll.
The gnoll is poisoned.
You grab the gnoll. You constrict the gnoll. The gnoll hits you with a +0 whip.
The gnoll bouda gazes fiercely through you!
You feel your attacks grow feeble.
HP[-4]
You take 4 damage, and now have 32/36 hp.
You hit the gnoll.
You kill the gnoll!
The gnoll bouda gazes fiercely through you!
You feel as though you will be weak longer.
Casting: Poisonous Vapours (safe; 5% risk of failure)
Confirm with . or Enter, or press ? or * to list all spells.
Aiming: Poisonous Vapours (safe; 5% risk of failure)
Press: ? - help, Dir - move target, f - gnoll bouda
Aim: a gnoll bouda, wielding a +0 whip and wearing a +0 robe Poisonous vapours surround the gnoll bouda!
The gnoll bouda is poisoned.
MP[-2]
You lost 2 mp, and now have 2/9 mp.
Casting: Poisonous Vapours (safe; 5% risk of failure)
Confirm with . or Enter, or press ? or * to list all spells.
Aiming: Poisonous Vapours (safe; 5% risk of failure)
Press: ? - help, Dir - move target, f/p - gnoll bouda
Aim: a gnoll bouda, wielding a +0 whip and wearing a +0 robe (lightly wounded, poisoned) Poisonous vapours surround the gnoll bouda!
The gnoll bouda looks even sicker.
MP[-2]
You lost 2 mp, and now have 0/9 mp.
You closely miss the gnoll bouda. Your grab misses the gnoll bouda.
The gnoll bouda hits you with a +0 whip.
HP[-1]
You take 1 damage, and now have 31/36 hp.
You hit the gnoll bouda but do no damage.
Your grab misses the gnoll bouda. Your squeeze misses the gnoll bouda.
The gnoll bouda hits you with a +0 whip!
HP[-7]
You take 7 damage, and now have 24/36 hp.
You closely miss the gnoll bouda. Your grab misses the gnoll bouda.
The gnoll bouda hits you with a +0 whip!
* * * LOW HITPOINT WARNING * * *
HP[-10]
You take 10 damage, and now have 14/36 hp.
MASSIVE DAMAGE!! (PAUSE)
You completely miss the gnoll bouda. You grab the gnoll bouda.
You constrict the gnoll bouda, but do no damage.
You block the gnoll bouda's attack.
MP[+1]
You hit the gnoll bouda.
The gnoll bouda looks even sicker.
You constrict the gnoll bouda, but do no damage.
The gnoll bouda hits you with a +0 whip!
* * * LOW HITPOINT WARNING * * *
HP[-11]
You take 11 damage, and now have 3/36 hp.
MASSIVE DAMAGE!! (PAUSE)
You hit the gnoll bouda.
The gnoll bouda looks as sick as possible!
Your attacks no longer feel as feeble.
You constrict the gnoll bouda.
The gnoll bouda hits you with a +0 whip!
You die...

Skill      XL: |  1  2  3  4  5 |
---------------+----------------+-----
Stealth        | 3 4 5 |  5.0
Poison Magic   | 4 5 7 |  7.7
Dodging        | |  2.0
Spellcasting   | |  2.0
Transmutations | |  1.0

Action                   |  1- 3 |  4- 6 || total
-------------------------+-------+-------++-------
Melee: Whip              |    10 |       ||    10
       Constrict         |    17 |    24 ||    41
       Tentacles         |    14 |    13 ||    27
       Dagger            |    13 |       ||    13
       Short sword       |    43 |    77 ||   120
       Punch             |     1 |     1 ||     2
 Cast: Sting             |    16 |    10 ||    26
       Poisonous Vapours |       |    15 ||    15
  Use: Scroll            |       |     8 ||     8
 Stab: Sleeping          |    11 |     3 ||    14
Armor: Skin              |     4 |     2 ||     6
Dodge: Dodged            |    38 |    43 ||    81
Block: Other             |     5 |    18 ||    23
       Reflection        |     1 |       ||     1

Levels and vault maps discovered:
D:1:      dpeg_arrival_orchard, layout_rooms, minmay_misc_feat_hallway,
          minivault_23
D:2:      layout_basic, minmay_misc_feat_diagonals
D:3:      layout_rooms, kennysheep_jessica_study
D:4:      layout_rooms, temple_doors_e, serial_shops, nicolae_shop_crystal,
          nicolae_shop_bloodbath_and_beyond, shop, minmay_misc_feat_x,
          corner_web_ring, uniq_natasha, uniq_robin

Notes
Turn   | Place    | Note
-------+----------+-------------------------------------------
     0 | D:1      | zeratav the Octopode Venom Mage began the quest for the
                  | Orb.
     0 | D:1      | Reached XP level 1. HP: 11/11 MP: 3/3
     0 | D:1      | magus.rc [v1.9.6]
    25 | D:1      | HP: 2/11 [quokka (4)]
    27 | D:1      | Reached skill level 3 in Stealth
   320 | D:1      | Reached skill level 4 in Poison Magic
   320 | D:1      | Reached XP level 2. HP: 16/17 MP: 5/5
   831 | D:1      | Learned a level 2 spell: Poisonous Vapours
  1122 | D:1      | You pick up a book of Lightning and begin reading...
  1122 | D:1      | You add the spells Static Discharge, Lightning Bolt and
                  | Maxwell's Capacitive Coupling to your library.
  1162 | D:1      | Reached XP level 3. HP: 21/21 MP: 6/6
  1314 | D:2      | Reached skill level 4 in Stealth
  2152 | D:3      | Identified the amulet "Cegasy Lio" {Faith -Tele Rampage
                  | rElec rN+}
  2314 | D:3      | Reached XP level 4. HP: 27/27 MP: 7/7
  2385 | D:3      | HP: 4/27 [frozen (5)]
  2654 | D:3      | Reached skill level 5 in Stealth
  2654 | D:3      | Reached skill level 5 in Poison Magic
  2836 | D:3      | Noticed Jessica
  2851 | D:3      | Killed Jessica
  2852 | D:3      | Reached XP level 5. HP: 19/31 MP: 8/8
  2969 | D:3      | Got Jessica's Disquisition on Beguiling
  3100 | D:4      | Found Fiavih's Distillery.
  3103 | D:4      | Reached skill level 6 in Poison Magic
  3113 | D:3      | HP: 1/31 [acid (7)]
  3771 | D:4      | Reached skill level 7 in Poison Magic
  3771 | D:4      | Reached XP level 6. HP: 32/36 MP: 2/9
  3830 | D:4      | Bought a potion of curing for 42 gold pieces
  3875 | D:4      | HP: 4/36 [ogre/+0 giant club (32)]
  4244 | D:4      | Noticed Robin
  4265 | D:4      | Killed Robin
  4623 | D:4      | HP: 3/36 [gnoll bouda/+0 whip (11)]
  4624 | D:4      | Mangled by a gnoll bouda

Vanquished Creatures
  A jelly (D:3)
  A hound (D:4)
  An orc priest (D:3)
  Jessica (D:3)
  2 orc wizards (D:4)
  Robin (D:4)
  3 gnolls (D:4)
  An adder (D:3)
  5 worms
  3 dart slugs (D:2)
  6 orcs (D:3)
  3 ball pythons
  5 bats
  4 endoplasms
  8 hobgoblins
  6 quokkas
  5 frilled lizards (D:2)
  10 goblins
  11 kobolds
  3 rats
80 creatures vanquished.

Table legend:
 A = Non-vault XP
 B = Vault XP
 C = Vault XP percentage of total XP
 D = Non-vault monster count
 E = Vault monster count
 F = Vault count percentage of total count
                 A         B        C        D         E       F
            +---------+---------+-------+---------+---------+-------
      Total |     386 |      72 |  15.7 |      68 |      12 |  15.0
            +---------+---------+-------+---------+---------+-------
        D:1 |      34 |       0 |   0.0 |      21 |       0 |   0.0
        D:2 |      37 |       0 |   0.0 |      18 |       0 |   0.0
        D:3 |     149 |      39 |  20.7 |      19 |       2 |   9.5
        D:4 |     166 |      33 |  16.6 |      10 |      10 |  50.0
            +---------+---------+-------+---------+---------+-------

Illustrated notes

Table legend:
 A = Kills in this place as a percentage of kills in entire the game.
 B = Kills by you in this place as a percentage of kills by you in the entire game.
 C = Kills by friends in this place as a percentage of kills by friends in the entire game.
 D = Other kills in this place as a percentage of other kills in the entire game.
 E = Experience gained in this place as a percentage of experience gained in the entire game.
 F = Experience gained in this place divided by the number of levels of this place that you have seen.
                   A       B       C       D       E      F
               +-------+-------+-------+-------+-------+----------------------
         Total | 100.0 | 100.0 |   N/A |   N/A | 100.0 | 114.5
       Dungeon | 100.0 | 100.0 |   N/A |   N/A | 100.0 | 114.5
               +-------+-------+-------+-------+-------+----------------------

Table legend: (Time is in decaauts)
 A = Elapsed time spent in this place.
 B = Non-inter-level travel time spent in this place.
 C = Inter-level travel time spent in this place.
 D = Time resting spent in this place.
 E = Time spent auto-exploring this place.
 F = Levels seen in this place.
 G = Mean time per level.
                   A        B        C        D        E       F      G
               +--------+--------+--------+--------+--------+-----+--------+
         Total |   4638 |   4521 |    117 |   1533 |   2391 |   4 | 1159.5 |
       Dungeon |   4638 |   4521 |    117 |   1533 |   2391 |   4 | 1159.5 |
               +--------+--------+--------+--------+--------+-----+--------+

Top non-repeatable levels by time:
     D:3: 1913 daAuts
     D:1: 1265 daAuts
     D:2: 860 daAuts
     D:4: 598 daAuts
